 Dungeon Crawl Stone Soup version 0.29.1-1-gd02db6906a (webtiles) character file.

Game seed: 13315637479725812730

112 Linkola the Trooper (level 4, -3/41 HPs)
             Began as a Minotaur Berserker on Sept 23, 2022.
             Was a Believer of Trog.
             Slain by a gnoll
             ... wielding a +0 spear
             ... led by a gnoll sergeant
              (5 damage)
             ... on level 3 of the Dungeon.
             The game lasted 00:06:49 (2171 turns).

Linkola the Trooper (Minotaur Berserker)            Turns: 2171, Time: 00:06:50

Health: -3/41      AC: 14    Str: 24    XL:     4   Next: 63%
Magic:  3/3        EV: 10    Int:  4    God:    Trog [**....]
Gold:   113        SH:  0    Dex:  9    Spells: 3/3 levels left

rFire   . . .      SeeInvis .   e - +2 falchion (holy)
rCold   + . .      Faith    .   (no shield)
rNeg    . . .      Spirit   .   i - +8 scale mail "Jisishrar" {rC+}
rPois   .          Reflect  .   (helmet restricted)
rElec   .          Harm     .   (no cloak)
rCorr   .          Rampage  .   (no gloves)
Will    .....                   (no boots)
Stlth   ..........              (no amulet)
HPRegen 0.13/turn               (no ring)
MPRegen 0.08/turn               (no ring)

@: on berserk cooldown, slowed, very slow
A: horns 2, retaliatory headbutt
a: Renounce Religion, Berserk, Trog's Hand


You were on level 3 of the Dungeon.
You worshipped Trog.
Trog was pleased with you.
You visited 1 branch of the dungeon, and saw 3 of its levels.

You collected 113 gold pieces.

Inventory:

Hand Weapons
 b - a +1 longbow of freezing
 e - a +2 falchion of holy wrath (weapon)
Missiles
 f - 17 stones (quivered)
Armour
 i - the +8 scale mail "Jisishrar" (worn) {rC+}
   (You found it on level 2 of the Dungeon)

   rC:        It protects you from cold.
Jewellery
 c - a +6 ring of dexterity
Scrolls
 k - a scroll of teleportation {unknown}
Potions
 a - a potion of haste {unknown}
 d - 2 potions of flight {unknown}
 g - 2 potions of attraction {unknown}
 h - a potion of ambrosia {unknown}
 j - 2 potions of curing {unknown}


   Skills:
 + Level 4.5 Fighting
 + Level 0.2 Long Blades
 + Level 4.3 Maces & Flails
 + Level 1.6 Ranged Weapons
 * Level 1.4 Throwing
 + Level 2.8 Armour
 + Level 2.8 Dodging


You had 3 spell levels left.
You didn't know any spells.
Your spell library was empty.

Dungeon Overview and Level Annotations

Branches:
Dungeon (3/15)

Altars:


Innate Abilities, Weirdness & Mutations

You have a pair of horns on your head.
You reflexively headbutt those who attack you in melee.


Message History

a +0 club; a gnoll corpse You hit the gnoll sergeant but do no damage.
The gnoll closely misses you. The gnoll barely misses you.
The gnoll sergeant hits you but does no damage.
The gnoll sergeant closely misses you.
The gnoll hits you from afar with a +0 spear.
The gnoll closely misses you.
You completely miss the gnoll sergeant.
The gnoll hits you from afar with a +0 spear. x2
The gnoll sergeant closely misses you.
The gnoll sergeant hits you but does no damage.
The gnoll hits you from afar with a +0 spear.
The gnoll barely misses you. The gnoll sergeant blocks your attack.
The gnoll closely misses you. The gnoll barely misses you.
The gnoll sergeant hits you but does no damage.
The gnoll hits you but does no damage. The gnoll sergeant barely misses you.
The gnoll barely misses you. The gnoll sergeant blocks your attack.
The gnoll barely misses you. The gnoll closely misses you.
The gnoll sergeant hits you with a +0 trident.
The gnoll barely misses you.
The gnoll hits you from afar with a +0 spear.
The gnoll sergeant closely misses you.
You hit the gnoll sergeant.
The gnoll sergeant is lightly wounded.
The gnoll hits you but does no damage. x2
The gnoll sergeant hits you with a +0 trident!
* * * LOW HITPOINT WARNING * * *
The gnoll sergeant barely misses you. The gnoll hits you but does no damage.
The gnoll hits you from afar with a +0 spear.
* * * LOW HITPOINT WARNING * * *
You barely miss the gnoll sergeant.
The gnoll sergeant is lightly wounded.
The gnoll closely misses you. The gnoll barely misses you.
The gnoll sergeant hits you but does no damage.
The gnoll sergeant hits you with a +0 trident.
* * * LOW HITPOINT WARNING * * *
The gnoll hits you from afar with a +0 spear.
You die...

##.......... #
........... ..
#.......... ...
#.......... ....
#......... .....
#......# ###
......###......###..
......gg@....>..##.###
......g####.#........
.......
#.#.####.######
.......
#...†..........
.....$.
###.####...#.#.
...../. #+# #####.#.
....... #.#. .......
#.#. #.#.


You could see a gnoll sergeant and 2 gnolls.

Vanquished Creatures
  2 gnolls (D:3)
  3 adders (D:2)
  A worm (D:2)
  A dart slug (D:1)
  3 ball pythons
  8 endoplasms
  2 giant cockroaches
  5 goblins
  6 hobgoblins (D:1)
  4 jackals
  2 quokkas (D:1)
  10 bats
  4 frilled lizards
  4 kobolds
  2 rats
57 creatures vanquished.

Notes
Turn   | Place    | Note
-------+----------+-------------------------------------------
     0 | D:1      | Linkola the Minotaur Berserker began the quest for the Orb.
     0 | D:1      | Reached XP level 1. HP: 19/19 MP: 0/0
   343 | D:1      | Reached XP level 2. HP: 27/27 MP: 1/1
   866 | D:1      | Reached XP level 3. HP: 33/33 MP: 2/2
  1384 | D:2      | Reached ** piety under Trog
  1435 | D:2      | Reached skill level 1 in Throwing
  1459 | D:2      | Found a faded altar of an unknown god.
  1484 | D:2      | Identified the +8 scale mail "Jisishrar" {rC+}
  1728 | D:2      | Reached skill level 1 in Ranged Weapons
  1728 | D:2      | Reached XP level 4. HP: 41/41 MP: 3/3
  2153 | D:3      | Noticed a gnoll sergeant
  2171 | D:3      | HP: 2/41 [gnoll sergeant/+0 trident (4)]
  2171 | D:3      | Slain by a gnoll

Illustrated notes

Levels and vault maps discovered:
D:1:      roderic_dead_forest, layout_loops_ring
D:2:      layout_loops_ring, basic_ecumenical_altar
D:3:      layout_basic, uniq_sigmund, uniq_terence

Skill      XL: |  1  2  3 |
---------------+----------+-----
Maces & Flails | 4 |  4.3
Fighting       | 4 |  4.5
Throwing       | 1 |  1.4
Ranged Weapons | 1 |  1.6
Long Blades    | |  0.2
Armour         | |  2.8
Dodging        | |  2.8

Action                   |  1- 3 |  4- 6 || total
-------------------------+-------+-------++-------
Melee: Mace              |    57 |       ||    57
       Headbutt          |     6 |     1 ||     7
       Falchion          |    10 |    23 ||    33
 Fire: Longbow           |    37 |       ||    37
Throw: Stone             |     6 |     7 ||    13
Invok: Berserk           |       |     1 ||     1
  Use: Scroll            |     2 |       ||     2
Armor: Animal skin       |    11 |       ||    11
       Scale mail        |    13 |    25 ||    38
       Leather armour    |     6 |       ||     6
Dodge: Dodged            |    58 |    37 ||    95
